 Dungeon Crawl Stone Soup version 0.17.0-7-gfadd4cc (webtiles) character file.

6952 radek the Geomancer (level 11, 0/64 HPs)
             Began as a Gargoyle Earth Elementalist on Nov 8, 2015.
             Was a Believer of Vehumet.
             Slain by a blue devil (10 damage)
             ... in an ice cave.
             The game lasted 01:18:35 (14332 turns).

radek the Geomancer (Gargoyle Earth Elementalist)  Turns: 14332, Time: 01:18:36

Health: 0/64       AC:  9    Str: 14    XL:     11   Next: 7%
Magic:  9/23       EV: 13    Int: 20    God:    Vehumet [**....]
Gold:   260        SH:  0    Dex: 10    Spells: 2 memorised, 21 levels left

rFire  . . .     SeeInvis .     a - 329 stones
rCold  + + +     Clarity  +     B - +0 robe "Ygunweus" {*Corrode +Inv rElec Str+3}
rNeg   + . .     SustAt   .     (no shield)
rPois  ∞         Gourm    .     O - +0 helmet of Lofoyl {rC+ MR+ Slay-4}
rElec  +         Spirit   .     (no cloak)
rCorr  .         Warding  .     G - +0 pair of gloves
rMut   .         Stasis   .     r - +0 pair of boots of Wuihagh {rC++}
MR     +....                    H - amulet of clarity
Stlth  ++........               (no ring)
                                L - ring of protection from cold

@: corroded equipment, somewhat resistant to hostile enchantments, unstealthy
A: negative energy resistance 1, electricity resistance, unbreathing,
petrification resistance, rot immunity, AC +7
a: Renounce Religion, Evoke Invisibility


You were in an ice cave.
You worshipped Vehumet.
Vehumet was pleased with you.
You were not hungry.

You visited 2 branches of the dungeon, and saw 12 of its levels.
You also visited: Ice Cave.

You collected 391 gold pieces.
You spent 131 gold pieces at shops.

Inventory:

Hand Weapons
 p - a +0 mace of protection
 X - a +0 dire flail
Missiles
 a - 329 stones (in hand)
Armour
 b - a +0 robe
 r - the +0 pair of boots of Wuihagh (worn) {rC++}
   (You found it on level 8 of the Dungeon)

   It greatly protects you from cold.
 B - the +0 robe "Ygunweus" (worn) {*Corrode +Inv rElec Str+3}
   (You bought it in a shop on level 8 of the Dungeon)

   It affects your strength (+3).
   It insulates you from electricity.
   It lets you turn invisible.
   It may corrode your equipment when you take damage.
 G - a +0 pair of gloves (worn)
 O - the +0 helmet of Lofoyl (worn) {rC+ MR+ Slay-4}
   (You found it on level 6 of the Dungeon)

   It affects your accuracy and damage with ranged weapons and melee attacks
   (-4).
   It protects you from cold.
   It affects your resistance to hostile enchantments.
 Y - the +0 robe of Defence {rN++}
   (You found it on level 9 of the Dungeon)

   It greatly protects you from negative energy.
Magical Staves
 R - an uncursed staff of death
Rods
 v - a -2 lightning rod (1/14)
   (You found it on level 4 of the Dungeon)
Jewellery
 g - an uncursed amulet of resist corrosion
 j - an uncursed amulet of faith {unknown}
 H - an amulet of clarity (around neck)
 L - a ring of protection from cold (left hand)
 T - an uncursed amulet of resist corrosion
Wands
 e - a wand of slowing (15)
 k - a wand of paralysis (16)
 I - a wand of random effects (26)
 V - a wand of paralysis (6)
Scrolls
 f - 2 scrolls of remove curse
 h - 2 scrolls of magic mapping {unknown}
 l - 4 scrolls of recharging {unknown}
 q - 5 scrolls of amnesia {unknown}
 x - 5 scrolls of identify
 y - 2 scrolls of teleportation {unknown}
 A - 2 scrolls of enchant weapon {unknown}
 C - a scroll of blinking {unknown}
 D - 2 scrolls of fear {unknown}
 K - a scroll of vulnerability {unknown}
 N - a scroll of fog {unknown}
 P - a scroll of brand weapon {unknown}
 U - 3 scrolls of noise {unknown}
 Z - a scroll of holy word {unknown}
Potions
 i - 2 potions of lignification
 m - a potion of heal wounds
 n - 2 potions of might {unknown}
 o - 2 potions of magic {unknown}
 s - 4 potions of curing
 t - a potion of poison {unknown}
 u - 2 potions of brilliance {unknown}
 w - a potion of resistance {unknown}
 z - a potion of invisibility {unknown}
 E - 2 potions of cancellation {unknown}
 S - a potion of haste {unknown}
Books
 c - a book of Geomancy

   Spells                             Type                      Level
   a - Sandblast                      Earth                        1
   b - Stoneskin                      Transmutation/Earth          2
   c - Passwall                       Transmutation/Earth          3
   d - Stone Arrow                    Conjuration/Earth            3
   e - Petrify                        Transmutation/Earth          4
   f - Lee's Rapid Deconstruction     Earth                        5
Miscellaneous
 W - an ornate deck of wonders
Comestibles
 d - 2 bread rations
 J - 9 royal jellies
 M - 4 beef jerkies
 Q - 4 fruits


   Skills:
 + Level 5.4 Fighting
 + Level 4.8 Maces & Flails
 + Level 5.4 Armour
 + Level 4.3 Dodging
 - Level 2.1 Stealth
 + Level 8.8 Spellcasting
   Level 0.7 Transmutations
 + Level 10.1 Earth Magic
 + Level 4.4 Evocations


You had 21 spell levels left.
You knew the following spells:

 Your Spells              Type           Power        Failure   Level  Hunger
a - Sandblast             Erth           #####.       1%          1    None
b - Lee's Rapid Deconstr  Erth           #####.....   4%          5    #####..


Dungeon Overview and Level Annotations

Branches:
Dungeon (12/15)            Temple (1/1) D:6
   Lair: D:8-11         Orc: D:9-12

Altars:
Ashenzari
Cheibriados
Dithmenos
Elyvilon
Fedhas
Gozag
Kikubaaqudgha
Makhleb
Nemelex Xobeh
Okawaru
Qazlal
Ru
Sif Muna
Trog
Vehumet
Xom
Yredelemnul
Zin
The Shining One

Shops:
D:8 [

Annotations:
IceCv exclusion: 2 ice statues


Innate Abilities, Weirdness & Mutations

You are resistant to torment.
Your stone body is resilient (AC +7).
You are immune to poison.
You resist negative energy.
You are resistant to electric shocks.
You can survive without breathing.
You are immune to petrification.
You are immune to rotting.


Message History

Aiming: Sandblast
Press: ? - help, Shift-Dir - straight line, f/p - blue devil
Aim: a blue devil (almost dead)
The rocky blast hits the blue devil.
The blue devil is almost dead.
The blue devil barely misses you. The blue devil hits you.
* * * LOW HITPOINT WARNING * * *
A blue devil comes into view.
The blue devil barely misses you.
The blue devil swoops through the air toward you!
The blue devil hits you but does no damage.
Casting: Sandblast
Confirm with . or Enter, or press ? or * to list all spells.
Aiming: Sandblast
Press: ? - help, Shift-Dir - straight line, f/p - blue devil
Aim: a blue devil (almost dead)
The rocky blast hits the blue devil.
The blue devil is almost dead.
The blue devil hits you!
You die...

###### ###....###
###........##
##4...###....##
###@..###.###...#
##.4####....##...#
#...##.....##..######
#..###)...........#.#
##...##...##.........
##...###########....
##...### ####.
###..4###### ##
#........#


You could see 2 blue devils.

Vanquished Creatures
  The ghost of oplop the Skirmisher, a novice OgHu of Ru (D:6)
  Joseph (D:7)
  2 blue devils (IceCv)
  Grinder (D:3)
  A two-headed ogre (D:8)
  A wraith (D:11)
  A wyvern (D:9)
  4 hippogriffs
  3 soldier ants
  A spider (D:8)
  4 orc warriors
  2 black bears (D:6)
  2 sky beasts
  An ice beast (D:8)
  5 centaurs
  4 ogres
  A necrophage (D:8)
  A crocodile (D:6)
  A brain worm (D:8)
  A big kobold (D:9)
  4 giant frogs
  4 killer bees (D:8)
  4 crimson imps
  A quasit (D:12)
  A centaur zombie (D:5)
  2 giant frog skeletons
  4 jellies
  4 orc priests
  2 hounds
  8 iguanas
  15 orc wizards
  8 worker ants
  2 worker ant zombies
  A hound skeleton (D:9)
  11 adders
  8 gnolls
  A shadow imp (D:8)
  6 white imps (IceCv)
  5 ufetubi (IceCv)
  3 oozes
  An adder skeleton (D:4)
  2 adder zombies (D:8)
  6 worms
  39 orcs
  3 ball pythons
  4 bats
  2 giant cockroaches
  8 hobgoblins
  9 jackals
  5 quokkas
  7 giant geckos
  A giant gecko skeleton (D:5)
  A giant gecko zombie (D:5)
  5 giant newts
  10 goblins
  14 kobolds
  2 quokka skeletons (D:4)
  9 rats
260 creatures vanquished.

Vanquished Creatures (others)
  A wizard (D:6)
  5 ufetubi (IceCv)
6 creatures vanquished.

Grand Total: 266 creatures vanquished

Notes
Turn   | Place    | Note
--------------------------------------------------------------
     0 | D:1      | radek the Gargoyle Earth Elementalist began the quest for the Orb.
     0 | D:1      | Reached XP level 1. HP: 10/10 MP: 3/3
   314 | D:1      | Reached XP level 2. HP: 15/15 MP: 1/5
   377 | D:1      | Reached skill level 4 in Earth Magic
  1087 | D:1      | Reached XP level 3. HP: 19/19 MP: 4/7
  1763 | D:2      | Reached XP level 4. HP: 24/24 MP: 2/8
  2109 | D:2      | Reached skill level 5 in Earth Magic
  2380 | D:2      | Found a bloodstained altar of Trog.
  2495 | D:2      | Reached XP level 5. HP: 18/28 MP: 4/10
  2623 | D:2      | Learned a level 5 spell: Lee's Rapid Deconstruction
  3068 | D:3      | Found a shimmering altar of Xom.
  3093 | D:3      | Noticed Grinder
  3103 | D:3      | Paralysed by Grinder for 3 turns
  3716 | D:4      | Reached XP level 6. HP: 27/32 MP: 4/12
  3989 | D:4      | Reached skill level 5 in Spellcasting
  4142 | D:4      | Reached skill level 6 in Earth Magic
  4355 | D:4      | Reached XP level 7. HP: 24/36 MP: 7/15
  4830 | D:3      | Killed Grinder
  5388 | D:5      | Entered Level 5 of the Dungeon
  5393 | D:5      | Reached skill level 7 in Earth Magic
  5633 | D:5      | Found a shadowy altar of Dithmenos.
  5759 | D:5      | Reached XP level 8. HP: 41/41 MP: 5/18
  6648 | D:6      | Reached skill level 8 in Earth Magic
  6933 | D:6      | Noticed oplop's ghost (novice OgHu)
  6980 | D:6      | Killed oplop's ghost
  6980 | D:6      | Reached skill level 1 in Maces & Flails
  6980 | D:6      | Reached skill level 1 in Evocations
  6980 | D:6      | Reached XP level 9. HP: 12/48 MP: 0/20
  7208 | D:6      | Found a bloodstained altar of Trog.
  7209 | D:6      | Noticed a wizard
  7214 | D:6      | Killed a wizard
  7353 | D:6      | Found a burning altar of Makhleb.
  7354 | D:6      | Got a translucent helmet
  7365 | D:6      | Identified the +0 helmet of Lofoyl {rC+ MR+ Slay-4} (You found it on level 6 of the Dungeon)
  7586 | D:6      | Noticed a blizzard demon
  8164 | D:6      | Found a staircase to the Ecumenical Temple.
  8254 | Temple   | Entered the Ecumenical Temple
  8265 | Temple   | Became a worshipper of Vehumet
  8491 | D:7      | Found a bloodstained altar of Trog.
  9069 | D:7      | Noticed Joseph
  9387 | D:7      | Found an ancient bone altar of Kikubaaqudgha.
  9861 | D:7      | Killed Joseph
  9861 | D:7      | Reached skill level 9 in Earth Magic
 10065 | D:7      | Reached XP level 10. HP: 56/56 MP: 16/22
 10805 | D:8      | Reached * piety under Vehumet
 10805 | D:8      | Offered knowledge of Sting by Vehumet.
 11319 | D:8      | Found Keri's Antique Armour Shop.
 11327 | D:8      | Got a pair of slimy boots
 11343 | D:8      | Identified the +0 pair of boots of Wuihagh {rC++} (You found it on level 8 of the Dungeon)
 11344 | D:8      | Bought a warped robe for 131 gold pieces
 11354 | D:8      | Identified the cursed +0 robe "Ygunweus" {*Corrode +Inv rElec Str+3} (You bought it in a shop on level 8 of the Dungeon)
 12830 | D:9      | Got a faintly glowing robe
 12842 | D:9      | Identified the +0 robe of Defence {rN++} (You found it on level 9 of the Dungeon)
 12944 | D:9      | Reached skill level 5 in Fighting
 12944 | D:9      | Reached skill level 5 in Armour
 13064 | D:9      | Found a white marble altar of Elyvilon.
 13067 | D:9      | Found a shadowy altar of Dithmenos.
 13070 | D:9      | Found a glowing golden altar of the Shining One.
 13178 | D:9      | You fall through a shaft for 3 floors!
 13227 | D:12     | Noticed a cyclops
 13246 | D:11     | Reached ** piety under Vehumet
 13246 | D:11     | Offered knowledge of Shock by Vehumet.
 13246 | D:11     | Reached skill level 10 in Earth Magic
 13681 | D:11     | Found a frozen archway.
 13686 | IceCv    | Entered an ice cave
 13691 | IceCv    | Reached XP level 11. HP: 64/64 MP: 21/23
 14002 | IceCv    | Noticed an ice statue
 14002 | IceCv    | Noticed an ice statue
 14332 | IceCv    | Slain by a blue devil

Action                   |  1- 3 |  4- 6 |  7- 9 | 10-12 || total
-------------------------+-------+-------+-------+-------++-------
Melee: Short sword       |    10 |       |       |       ||    10
       Mace              |       |     8 |    17 |       ||    25
       Rod               |       |       |       |     1 ||     1
       Dire flail        |       |       |       |     4 ||     4
 Cast: Sandblast         |    68 |   144 |   260 |   265 ||   737
       Lee's Rapid Decon |       |     2 |     9 |    21 ||    32
Evoke: Rod               |       |     6 |    30 |    37 ||    73
  Use: Scroll            |       |       |     2 |     1 ||     3
       Potion            |       |       |       |     4 ||     4
 Stab: Sleeping          |       |     1 |       |       ||     1
  Eat: Chunk             |     3 |     9 |    12 |     7 ||    31
       Bread ration      |       |       |     2 |     2 ||     4
       Pizza             |       |       |     1 |     1 ||     2
       Meat ration       |       |       |       |     1 ||     1
